 Dungeon Crawl Stone Soup version 0.30-a0-6-g7c9e10e132 (webtiles) character file.

Game seed: 13475469700055927262

182 themarg the Gusty (level 5, 0/28 HPs)
             Began as a Tengu Air Elementalist on Aug 22, 2022.
             Slain by a black bear (3 damage)
             ... on level 4 of the Dungeon.
             The game lasted 00:12:05 (3592 turns).

themarg the Gusty (Tengu Air Elementalist)          Turns: 3592, Time: 00:12:07

Health: 0/28       AC:  3    Str:  9    XL:     5   Next: 62%
Magic:  5/11       EV: 15    Int: 17    God:
Gold:   195        SH:  0    Dex: 14    Spells: 3/10 levels left

rFire   x . .      SeeInvis .    e - +0 dagger
rCold   + . .      Faith    .    (no shield)
rNeg    . . .      Spirit   .    a - +1 robe
rPois   .          Reflect  .    (helmet restricted)
rElec   .          Harm     .    (no cloak)
rCorr   .          Rampage  .    (no gloves)
Will    .....                    (boots unavailable)
Stlth   ++........               (no amulet)
HPRegen 0.09/turn                j - ring of ice
MPRegen 0.12/turn                (no ring)

@: flying quickly and evasively, quick
A: beak, talons 3, nimble flight
a: no special abilities


You were on level 4 of the Dungeon.
You visited 1 branch of the dungeon, and saw 6 of its levels.

You collected 195 gold pieces.

Inventory:

Hand Weapons
 e - a +0 dagger (weapon)
Missiles
 f - 2 poisoned darts
Armour
 a - a +1 robe (worn)
Jewellery
 j - a ring of ice (left hand)
Scrolls
 g - 2 scrolls of immolation {unknown}
 h - 3 scrolls of identify {unknown}
 i - a scroll of vulnerability {unknown}
 k - a scroll of fear {unknown}
 m - a scroll of noise {unknown}
 n - a scroll of enchant weapon {unknown}
Potions
 b - a potion of magic
 c - a potion of ambrosia {unknown}
 l - a potion of attraction {unknown}


   Skills:
 + Level 0.2 Fighting
 + Level 0.1 Short Blades
 + Level 2.4 Dodging
 + Level 2.4 Stealth
 + Level 3.3 Spellcasting
 + Level 3.8 Conjurations
 + Level 5.4 Air Magic


You had 3 spell levels left.
You knew the following spells:

 Your Spells              Type           Power      Damage    Failure   Level
a - Shock                 Conj/Air       72%        1d7       2%          1
b - Static Discharge      Conj/Air       18%        3-6/arc   3%          2
c - Airstrike             Air            10%        2d(2-18)  19%         4

Your spell library contained the following spells:

 Spells                   Type           Power      Damage    Failure   Level
 Swiftness                Air            21%        N/A       5%          3
 Ensorcelled Hibernation  Hex/Ice        8%         N/A       26%         2
 Passwall                 Tmut/Erth      1%         N/A       26%         2


Dungeon Overview and Level Annotations

Branches:
Dungeon (6/15)
 Temple: D:4-7

Altars:


Innate Abilities, Weirdness & Mutations

You have a beak for a mouth.
You have claws for feet.
Your magical nature lets you fly swiftly and evasively.


Message History

You start memorising the spell.
You continue memorising. x4
You finish memorising.
Spell assigned to 'c'.
Done exploring.
There is a stone staircase leading down here.
You fly downwards.
The black bear barely misses you.
The black bear claws you but does no damage.
The black bear claws you. The black bear bites you. The black bear claws you.
The black bear barely misses you.
There is a stone staircase leading up here.
You see here a +0 dagger.
Casting: Shock (safe; 2% risk of failure)
Confirm with . or Enter, or press ? or * to list all spells.
The black bear is struck by an arc of lightning!
The black bear is moderately wounded.
You are struck by an arc of lightning.
The black bear is struck by an arc of lightning.
The black bear is moderately wounded.
You are struck by an arc of lightning.
The lightning grounds out.
The black bear completely misses you.
The black bear claws you but does no damage.
The black bear barely misses you.
Casting: Static Discharge (safe; 3% risk of failure)
Confirm with . or Enter, or press ? or * to list all spells.
The black bear is struck by an arc of lightning!
The black bear is severely wounded.
You are struck by an arc of lightning.
The lightning grounds out.
The black bear closely misses you. x2; The black bear barely misses you.
Casting: Static Discharge (safe; 3% risk of failure)
Confirm with . or Enter, or press ? or * to list all spells.
The black bear is struck by an arc of lightning.
The black bear is severely wounded.
You are struck by an arc of lightning.
The black bear is struck by an arc of lightning.
The black bear is almost dead.
The lightning grounds out.
The black bear bites you.
* * * LOW HITPOINT WARNING * * *
The black bear claws you.
* * * LOW HITPOINT WARNING * * *
The black bear claws you.
You die...

#.# #.# #h#
... #.# #[#
#.# #.## #.#
...#
#h####..##
#........#
######.#.#.#.
#@h........#
##.#..##.###
#.$.....
###.......
#.###### #.#
#.# .#


You could see a black bear.

Vanquished Creatures
  A scorpion (D:4)
  4 adders
  4 dart slugs
  2 orcs (D:3)
  9 bats
  5 endoplasms
  4 giant cockroaches
  9 goblins
  8 hobgoblins
  7 jackals
  8 ball pythons
  3 frilled lizards
  8 kobolds
  4 rats
76 creatures vanquished.

Notes
Turn   | Place    | Note
-------+----------+-------------------------------------------
     0 | D:1      | themarg the Tengu Air Elementalist began the quest for the
                  | Orb.
     0 | D:1      | Reached XP level 1. HP: 10/10 MP: 4/4
   202 | D:1      | Reached XP level 2. HP: 15/15 MP: 0/6
   373 | D:1      | Learned a level 2 spell: Static Discharge
   668 | D:1      | Reached XP level 3. HP: 19/19 MP: 5/7
  1438 | D:1      | Found a faded altar of an unknown god.
  1966 | D:2      | Reached XP level 4. HP: 24/24 MP: 4/8
  2442 | D:3      | You fall into a shaft and drop 3 floors!
  2460 | D:5      | Entered Level 5 of the Dungeon
  2470 | D:4      | Noticed a scorpion
  2474 | D:4      | Noticed a black bear
  2487 | D:4      | Killed a scorpion
  2488 | D:4      | Reached skill level 5 in Air Magic
  2488 | D:4      | Gained mutation: Your magical nature lets you fly swiftly
                  | and evasively. [Tengu growth]
  2488 | D:4      | Reached XP level 5. HP: 8/28 MP: 3/10
  3579 | D:3      | Learned a level 4 spell: Airstrike
  3592 | D:4      | Slain by a black bear

Illustrated notes

Levels and vault maps discovered:
D:1:      amcnicky_arrival_single_pillar, layout_loops_corners,
          hellmonk_ecumenical_altar_defaced_shrine
D:2:      layout_loops_corners
D:3:      layout_rooms, kennysheep_generic_room_4
D:4:      layout_basic, minmay_crystal_room
D:5:      layout_cave_pools, lemuel_doored_altar, dreamdust_princess_bridge
D:6:      nicolae_BIG_FREAKIN_CUBE, layout_cave_pods, minivault_4,
          grunt_ministairs_13

Skill      XL: |  1  2  3  4 |
---------------+-------------+-----
Conjurations   | 2 3 |  3.8
Spellcasting   | 3 |  3.3
Air Magic      | 5 |  5.4
Fighting       | |  0.2
Short Blades   | |  0.1
Dodging        | |  2.4
Stealth        | |  2.4

Action                   |  1- 3 |  4- 6 || total
-------------------------+-------+-------++-------
Melee: Dagger            |     4 |    14 ||    18
       Kick              |     1 |     2 ||     3
 Cast: Shock             |    83 |    44 ||   127
       Static Discharge  |       |     9 ||     9
  Use: Scroll            |       |     2 ||     2
Armor: Robe              |     9 |     6 ||    15
Dodge: Dodged            |    15 |    31 ||    46

Table legend: (Time is in decaauts)
 A = Elapsed time spent in this place.
 B = Non-inter-level travel time spent in this place.
 C = Inter-level travel time spent in this place.
 D = Time resting spent in this place.
 E = Time spent auto-exploring this place.
 F = Levels seen in this place.
 G = Mean time per level.
                   A        B        C        D        E       F      G
               +--------+--------+--------+--------+--------+-----+--------+
         Total |   3552 |   3518 |     34 |   1098 |   1892 |   6 |  592.0 |
       Dungeon |   3552 |   3518 |     34 |   1098 |   1892 |   6 |  592.0 |
               +--------+--------+--------+--------+--------+-----+--------+

Top non-repeatable levels by time:
     D:1: 1458 daAuts
     D:2: 1209 daAuts
     D:3: 792 daAuts
     D:4: 65 daAuts
     D:6: 17 daAuts
     D:5: 9 daAuts
